cohdb
Replays
Latest Replays
All Replays
Popular Replays
Top Player Replays
Match Explorer
How It Works
Community
CoH3 Stats
Reddit
Sign in to upload your games and track your stats! →
Sign in with Steam
Match 40660887
Unlisted
Match 40660887
Overview
Messages
Build Orders
End
Construct Infanterie Kompanie
Selects Terror Battlegroup
Selects Machine Gun Camouflage
MG 42 Machine Gun Team
MG 42 Machine Gun Team
Grenadier Squad
Grenadier Squad
Selects Contempt for the Weak
Construct Panzergrenadier Kompanie
251 Medium Carrier
Support Elements
StuG III G Assault Gun
MG 42 Bunker
Nebelwerfer 42 Rocket Launcher Team
Selects Defend the Fatherland
Forward Retreat Point
MG 42 Bunker
MG 42 Bunker
StuG III G Assault Gun
Stan
Shark33
卡尔文
KSP-Jeb
SteveO
PanzerGrenadier
vonAJ
Chris gun
0
0
Comments
sign in to comment!
No comments posted yet!